AoeStats
← mark.schmidt

Oasis

509375956Analyzed
4v4 RM · 6d ago on Sep 26, 2026· 53m 22s· 8 players
Game mode
Random Map
Map size
Large (8 player)
Population
200
Speed
Normal
Resources
Standard
Victory
Conquest
Starting age
Dark Age
Ending age
Imperial Age
RankedLock teamsTeams togetherTeam positionsShared explorationLock speedFull tech treeHidden civsTurbo modeCheats
Victory
Defeat
🇮🇩 Chinese · Indonesia
956
+13
🇨🇳 Persians · China
938
+14
🇨🇳 Khmer · China
886
+16
🇨🇳 Huns · China
875
+16
🇫🇷 Hindustanis · France
898
-15
🇩🇪 Franks · Germany
898
-15
🇩🇪 Khmer · Germany
893
-15
🇫🇷 Mongols · France
864
-14
Plot
5:26 Loom
10:27 Feudal Age
11:09 Town Watch
11:20 Double-Bit Axe
12:34 Horse Collar
14:28 Wheelbarrow
16:08 Gold Mining
16:10 Stone Mining
16:39 Forging
22:52 Castle Age
21:37 Bloodlines
22:06 Scale Barding Armor
24:36 Gold Shaft Mining
24:49 Stone Shaft Mining
24:18 Husbandry
27:53 Iron Casting
28:00 Heavy Plow
30:50 Chain Barding Armor
30:44 Fletching
30:58 Padded Archer Armor
31:00 Scale Mail Armor
31:50 Bow Saw
32:43 Fortified Wall
33:05 Caravan
33:24 Grand Trunk Road
36:15 Coinage
38:29 Imperial Age
36:03 Town Patrol
35:44 Elite Skirmisher
36:55 Ballistics
36:31 Murder Holes
36:56 Chain Mail Armor
36:58 Leather Archer Armor
38:30 Heavy Camel Rider
40:14 Blast Furnace
39:49 Plate Barding Armor
40:20 Imperial Camel Rider
41:47 Conscription
42:55 Chemistry
42:07 Masonry
mark.schmidt
9:02 Loom
11:49 Feudal Age
12:57 Double-Bit Axe
15:50 Forging
22:15 Castle Age
20:53 Scale Mail Armor
21:01 Scale Barding Armor
23:12 Husbandry
23:12 Gold Mining
24:33 Town Watch
25:20 Bow Saw
26:00 Stone Mining
27:06 Iron Casting
28:53 Wheelbarrow
31:30 Gold Shaft Mining
31:32 Chain Barding Armor
39:51 Imperial Age
41:21 Caravan
KaiZen
8:16 Loom
11:11 Feudal Age
12:52 Double-Bit Axe
12:49 Horse Collar
16:48 Gold Mining
19:53 Castle Age
19:55 Crossbowman
20:14 Crossbowman
20:19 Pikeman
23:05 Fletching
23:18 Scale Mail Armor
24:26 Bow Saw
26:47 Chain Mail Armor
26:44 Forging
26:29 Bodkin Arrow
26:04 Man-at-Arms
28:11 Heavy Plow
30:37 Padded Archer Armor
32:45 Gold Shaft Mining
32:00 Stone Mining
33:05 Wheelbarrow
32:55 Stone Mining
34:49 Hand Cart
34:19 Town Watch
35:16 Leather Archer Armor
36:02 Iron Casting
37:08 Scale Barding Armor
39:37 Chain Barding Armor
39:44 Tusk Swords
43:43 Imperial Age
Ujio.AF
1:01 Loom
12:17 Feudal Age
15:17 Wheelbarrow
18:16 Castle Age
17:01 Horse Collar
17:09 Double-Bit Axe
17:41 Gold Mining
17:44 Stone Mining
21:51 Hand Cart
24:43 Bow Saw
26:15 Stone Shaft Mining
26:59 Gold Shaft Mining
31:10 Imperial Age
29:35 Heavy Plow
29:57 Caravan
32:37 Siege Engineers
32:53 Ballistics
34:26 Conscription
33:28 Elite Mangudai
34:24 Town Watch
34:52 Fletching
35:03 Padded Archer Armor
36:07 Murder Holes
36:11 Bodkin Arrow
37:00 Husbandry
37:11 Bloodlines
37:05 Bracer
37:21 Leather Archer Armor
38:14 Town Patrol
39:15 Devotion
40:17 Chemistry
40:49 Drill
39:54 Onager
41:07 Fortified Wall
42:22 Siege Onager
43:37 Parthian Tactics
不上青楼
10:10 Feudal Age
14:34 Castle Age
13:04 Double-Bit Axe
13:43 Horse Collar
21:15 Bow Saw
22:40 Wheelbarrow
22:17 Heavy Plow
24:03 Hand Cart
27:28 Town Watch
27:29 Loom
29:05 Town Patrol
29:03 Gold Mining
29:04 Stone Mining
32:44 Imperial Age
31:30 Scale Barding Armor
31:35 Forging
32:21 Gold Shaft Mining
32:21 Stone Shaft Mining
33:05 Chain Barding Armor
34:00 Two-Man Saw
33:59 Husbandry
34:09 Bloodlines
34:40 Plate Barding Armor
34:41 Iron Casting
35:40 Crop Rotation
35:51 Conscription
34:52 Elite War Elephant
37:15 Hoardings
38:27 Murder Holes
38:43 Masonry
39:38 Blast Furnace
38:40 Light Cavalry
41:34 Kamandaran
47:10 Architecture
52:41 Caravan
命格
3:47 Loom
11:47 Feudal Age
16:20 Castle Age
15:02 Double-Bit Axe
14:59 Horse Collar
16:25 Bloodlines
16:37 Gold Mining
16:39 Stone Mining
23:18 Scale Barding Armor
25:11 Forging
26:40 Gold Shaft Mining
27:30 Chain Barding Armor
27:42 Bow Saw
29:32 Fletching
30:41 Iron Casting
29:43 Elite Skirmisher
30:37 Heavy Plow
32:01 Wheelbarrow
32:11 Padded Archer Armor
32:58 Fervor
33:01 Pikeman
35:39 Squires
38:45 Imperial Age
37:00 Hand Cart
38:22 Leather Archer Armor
37:59 Town Watch
38:22 Husbandry
39:13 Halberdier
39:53 Bodkin Arrow
40:52 Conscription
41:03 Ballistics
42:03 Thumb Ring
43:03 Blast Furnace
42:05 Scale Mail Armor
42:18 Cavalier
43:48 Man-at-Arms
46:44 Arson
47:20 Chain Mail Armor
47:46 Town Patrol
48:02 Bracer
48:08 Marauders
49:37 Plate Barding Armor
49:10 Long Swordsman
50:57 Elite Tarkan
53:10 Two-Man Saw
53:05 Paladin
53:20 Two-Handed Swordsman
378080739
0:28 Loom
13:18 Feudal Age
18:00 Castle Age
23:15 Double-Bit Axe
23:22 Stone Mining
23:24 Gold Mining
23:18 Horse Collar
31:28 Imperial Age
29:37 Bow Saw
31:38 Gold Shaft Mining
31:11 Heavy Plow
31:53 Stone Shaft Mining
31:45 Elite Ballista Elephant
33:06 Double Crossbow
33:33 Ballistics
33:40 Conscription
34:16 Wheelbarrow
36:11 Hand Cart
38:12 Chemistry
37:18 Siege Engineers
54:05 Bloodlines
53:56 Husbandry
53:17 Cavalier
ddmgsxis89228
0:54 Loom
11:31 Feudal Age
26:04 Castle Age
25:36 Double-Bit Axe
25:43 Gold Mining
25:44 Stone Mining
25:38 Horse Collar
27:56 Pikeman
40:33 Imperial Age
40:57 Squires
40:43 Arson
41:17 Forging
41:08 Scale Mail Armor
42:34 Conscription
42:17 Great Wall
42:33 Fortified Wall
42:38 Masonry
45:18 Wheelbarrow
44:28 Town Watch
44:56 Bow Saw
44:49 Heavy Plow
45:27 Gold Shaft Mining
45:27 Stone Shaft Mining
46:22 Hand Cart
46:06 Elite Fire Lancer
48:03 Iron Casting
47:44 Chain Mail Armor
50:10 Blast Furnace
51:56 Plate Mail Armor
Connection lost

Rejoining the realm…

Still unreachable

The connection could not be restored.

Session expired

The server has moved on; the page needs a fresh start.